[ PARTIDA AOE2 · #478911295 ]
Team RMBritanos vs Britons
[ ANÁLISIS DE REPETICIÓN · EXTRAÍDO DE LA PARTIDA GRABADA ]
Feudal
—
Castillos
—
Imperial
—
| APM promedio | 27.4 |
| APM pico | 90 |
| eAPM promedio | 16.8 |
| Aldeanos / militares | 146 / 156 |
Foco
⚔️ 30.0% · 🌾 70.0%
Skirmisher ×99 · Longbowman ×57 · Trade Cart ×26
Feudal
13:56
Castillos
22:27
Imperial
38:47
| APM promedio | 19.6 |
| APM pico | 60 |
| eAPM promedio | 13.3 |
| Aldeanos / militares | 119 / 178 |
Foco
⚔️ 35.4% · 🌾 64.6%
Knight ×174 · Trade Cart ×8 · Trebuchet (Packed) ×3 · Monk ×1
Feudal
13:02
Castillos
17:30
Imperial
35:27
| APM promedio | 16.1 |
| APM pico | 52 |
| eAPM promedio | 12.2 |
| Aldeanos / militares | 107 / 272 |
Foco
⚔️ 32.2% · 🌾 67.8%
Longbowman ×131 · Spearman ×85 · Archer ×30 · Trade Cart ×21 · Militia ×20 · Monk ×4
Feudal
12:06
Castillos
23:36
Imperial
40:35
| APM promedio | 21.5 |
| APM pico | 72 |
| eAPM promedio | 17.7 |
| Aldeanos / militares | 119 / 511 |
Foco
⚔️ 62.0% · 🌾 38.0%
Spearman ×303 · Archer ×189 · Trade Cart ×16 · Skirmisher ×14 · Battering Ram ×5
Feudal
9:25
Castillos
18:20
Imperial
37:15
| APM promedio | 15.2 |
| APM pico | 33 |
| eAPM promedio | 10.8 |
| Aldeanos / militares | 121 / 5 |
Foco
⚔️ 20.3% · 🌾 79.7%
Unknown (2550) ×156 · Trade Cart ×10 · Unknown (2562) ×5 · Monk ×3 · Trebuchet (Packed) ×2
Feudal
12:25
Castillos
21:53
Imperial
37:11
| APM promedio | 16.7 |
| APM pico | 52 |
| eAPM promedio | 11.6 |
| Aldeanos / militares | 141 / 65 |
Foco
⚔️ 26.2% · 🌾 73.8%
Knight ×32 · Organ Gun ×25 · Trade Cart ×21 · Scout Cavalry ×5 · Bombard Cannon ×3
Mapa de la partida
Recursos iniciales + cada clic de construcción. Líneas = muros · curvas = relieve. ◆ oro · ⬟ piedra · ● bayas · ✦ reliquia · ◌ hueco del cierre
Tu base· ✓ Cerrada en 21:15 · 31t muro · 1 puerta(s)
Base de El facha del conurba· ✓ Cerrada en 22:27 · 0t muro · sin puerta
Base de CheddarTheShredder· Abierta — flanco sin cerrar
Base de sampearl.n· Abierta — flanco sin cerrar
Base de Danshe· ✓ Cerrada en 18:20 · 0t muro · sin puerta
Base de High_King_Joshie· Abierta — flanco sin cerrar
Terreno inicial suavizado · ◌ = hueco del cierre detectado · pasá el cursor para detalles
Inputs por minuto
— ElNegro2284 - - El facha del conurba
Build order — ElNegro2284
Primeras 150 de 483 acciones detectadas
| 0:13 | Investigar | Loom |
| 0:14 | Crear | Villager (Male) |
| 0:14 | Crear | Villager (Male) |
| 0:14 | Crear | Villager (Male) |
| 0:15 | Crear | Villager (Male) |
| 0:15 | Crear | Villager (Male) |
| 0:15 | Crear | Villager (Male) |
| 0:34 | Construir | House |
| 0:36 | Construir | House |
| 0:38 | Construir | House |
| 2:27 | Crear | Villager (Male) |
| 3:08 | Crear | Villager (Male) |
| 3:37 | Crear | Villager (Male) |
| 3:37 | Crear | Villager (Male) |
| 4:13 | Construir | Lumber Camp |
| 4:24 | Crear | Villager (Male) |
| 4:24 | Crear | Villager (Male) |
| 4:56 | Crear | Villager (Male) |
| 4:56 | Crear | Villager (Male) |
| 5:37 | Crear | Villager (Male) |
| 5:38 | Crear | Villager (Male) |
| 5:38 | Crear | Villager (Male) |
| 6:01 | Crear | Villager (Male) |
| 6:01 | Crear | Villager (Male) |
| 6:20 | Crear | Villager (Male) |
| 6:20 | Crear | Villager (Male) |
| 6:46 | Crear | Villager (Male) |
| 7:28 | Construir | House |
| 7:29 | Construir | House |
| 7:30 | Construir | House |
| 7:42 | Crear | Villager (Male) |
| 7:42 | Crear | Villager (Male) |
| 7:42 | Crear | Villager (Male) |
| 7:42 | Crear | Villager (Male) |
| 7:45 | Crear | Villager (Male) |
| 7:45 | Crear | Villager (Male) |
| 7:45 | Crear | Villager (Male) |
| 8:35 | Construir | Mill |
| 10:14 | Investigar | Feudal Age |
| 10:49 | Crear | Villager (Male) |
| 10:50 | Crear | Villager (Male) |
| 10:50 | Crear | Villager (Male) |
| 10:50 | Crear | Villager (Male) |
| 10:50 | Crear | Villager (Male) |
| 11:24 | Crear | Villager (Male) |
| 11:24 | Crear | Villager (Male) |
| 11:25 | Crear | Villager (Male) |
| 12:42 | Crear | Villager (Male) |
| 12:45 | Investigar | Double-Bit Axe |
| 12:49 | Investigar | Horse Collar |
| 12:53 | Crear | Villager (Male) |
| 12:53 | Crear | Villager (Male) |
| 12:54 | Crear | Villager (Male) |
| 12:54 | Crear | Villager (Male) |
| 13:14 | Construir | Palisade Wall |
| 14:30 | Construir | Palisade Gate |
| 14:41 | Construir | Farm |
| 14:42 | Construir | Farm |
| 14:43 | Construir | Farm |
| 14:50 | Construir | Farm |
| 14:52 | Construir | Farm |
| 14:54 | Construir | Farm |
| 14:56 | Construir | Farm |
| 14:58 | Construir | Farm |
| 15:05 | Construir | Farm |
| 15:07 | Construir | Farm |
| 15:12 | Crear | Villager (Male) |
| 15:13 | Crear | Villager (Male) |
| 15:13 | Crear | Villager (Male) |
| 15:13 | Crear | Villager (Male) |
| 15:13 | Crear | Villager (Male) |
| 15:14 | Crear | Villager (Male) |
| 15:14 | Crear | Villager (Male) |
| 15:34 | Construir | Farm |
| 15:46 | Construir | Farm |
| 15:55 | Construir | Farm |
| 16:22 | Construir | Mining Camp |
| 16:37 | Construir | House |
| 16:39 | Construir | House |
| 16:40 | Construir | House |
| 16:51 | Crear | Villager (Male) |
| 16:51 | Crear | Villager (Male) |
| 17:03 | Construir | Farm |
| 17:08 | Construir | Farm |
| 17:15 | Construir | Farm |
| 17:54 | Construir | Stone Wall |
| 18:25 | Construir | Mining Camp |
| 18:31 | Construir | Barracks |
| 18:55 | Construir | Market |
| 19:33 | Construir | Archery Range |
| 20:08 | Crear | Villager (Male) |
| 20:24 | Construir | Archery Range |
| 20:43 | Crear | Villager (Male) |
| 20:57 | Construir | Archery Range |
| 21:15 | Investigar | Castle Age |
| 21:16 | Investigar | Town Watch |
| 21:17 | Investigar | Wheelbarrow |
| 21:25 | Construir | Market |
| 21:35 | Crear | Skirmisher |
| 21:35 | Crear | Skirmisher |
| 21:35 | Crear | Skirmisher |
| 21:35 | Crear | Skirmisher |
| 21:36 | Crear | Skirmisher |
| 22:10 | Crear | Skirmisher |
| 22:10 | Crear | Skirmisher |
| 22:24 | Crear | Skirmisher |
| 22:32 | Crear | Skirmisher |
| 22:32 | Crear | Skirmisher |
| 23:22 | Construir | Archery Range |
| 23:23 | Construir | Archery Range |
| 23:32 | Crear | Skirmisher |
| 23:32 | Crear | Skirmisher |
| 23:32 | Crear | Skirmisher |
| 23:32 | Crear | Skirmisher |
| 24:01 | Construir | House |
| 24:02 | Construir | House |
| 24:03 | Construir | House |
| 24:03 | Construir | House |
| 24:05 | Construir | House |
| 24:07 | Construir | House |
| 24:28 | Crear | Skirmisher |
| 24:53 | Construir | Stone Wall |
| 25:02 | Investigar | Elite Skirmisher (upgrade) |
| 25:07 | Crear | Skirmisher |
| 25:07 | Crear | Skirmisher |
| 25:07 | Crear | Skirmisher |
| 25:36 | Construir | Stone Wall |
| 26:07 | Crear | Skirmisher |
| 26:07 | Crear | Skirmisher |
| 26:07 | Crear | Skirmisher |
| 26:07 | Crear | Skirmisher |
| 26:08 | Crear | Skirmisher |
| 27:17 | Construir | Castle |
| 28:36 | Crear | Villager (Male) |
| 28:36 | Crear | Villager (Male) |
| 28:36 | Crear | Villager (Male) |
| 28:36 | Crear | Villager (Male) |
| 28:37 | Crear | Villager (Male) |
| 28:49 | Crear | Skirmisher |
| 28:49 | Crear | Skirmisher |
| 28:49 | Crear | Skirmisher |
| 28:49 | Crear | Skirmisher |
| 28:49 | Crear | Skirmisher |
| 28:50 | Crear | Skirmisher |
| 29:12 | Crear | Villager (Male) |
| 29:12 | Crear | Villager (Male) |
| 29:12 | Crear | Villager (Male) |
| 29:13 | Crear | Villager (Male) |
| 29:13 | Crear | Villager (Male) |
| 30:55 | Crear | Villager (Male) |
Build order — El facha del conurba
Primeras 150 de 291 acciones detectadas
| 0:05 | Construir | House |
| 0:07 | Construir | House |
| 0:10 | Crear | Villager (Male) |
| 0:10 | Crear | Villager (Male) |
| 0:10 | Crear | Villager (Male) |
| 0:11 | Crear | Villager (Male) |
| 0:11 | Crear | Villager (Male) |
| 2:07 | Crear | Villager (Male) |
| 2:37 | Construir | Lumber Camp |
| 2:41 | Crear | Villager (Male) |
| 2:44 | Crear | Villager (Male) |
| 3:28 | Crear | Villager (Male) |
| 3:44 | Crear | Villager (Male) |
| 3:49 | Construir | House |
| 4:12 | Construir | House |
| 5:08 | Crear | Villager (Male) |
| 5:11 | Crear | Villager (Male) |
| 5:37 | Crear | Villager (Male) |
| 5:56 | Crear | Villager (Male) |
| 6:08 | Investigar | Loom |
| 6:27 | Crear | Villager (Male) |
| 7:04 | Crear | Villager (Male) |
| 7:47 | Construir | Mill |
| 8:51 | Crear | Villager (Male) |
| 8:54 | Crear | Villager (Male) |
| 8:54 | Crear | Villager (Male) |
| 8:56 | Crear | Villager (Male) |
| 8:57 | Crear | Villager (Male) |
| 8:59 | Investigar | Feudal Age |
| 9:52 | Construir | Mining Camp |
| 10:55 | Crear | Villager (Male) |
| 10:56 | Crear | Villager (Male) |
| 10:58 | Investigar | Feudal Age |
| 11:36 | Construir | House |
| 11:43 | Construir | House |
| 11:45 | Construir | House |
| 11:48 | Construir | House |
| 13:31 | Crear | Villager (Male) |
| 13:31 | Crear | Villager (Male) |
| 13:32 | Crear | Villager (Male) |
| 13:37 | Crear | Villager (Male) |
| 13:40 | Crear | Villager (Male) |
| 13:56 | Edad | Edad Feudal |
| 14:06 | Investigar | Double-Bit Axe |
| 14:20 | Construir | Market |
| 14:27 | Construir | Blacksmith |
| 15:08 | Crear | Villager (Male) |
| 15:52 | Investigar | Horse Collar |
| 15:59 | Construir | Farm |
| 16:00 | Construir | Farm |
| 16:01 | Construir | Farm |
| 16:02 | Construir | Farm |
| 16:03 | Construir | Farm |
| 16:05 | Construir | Farm |
| 16:08 | Construir | Farm |
| 16:10 | Construir | Farm |
| 16:11 | Construir | Farm |
| 16:12 | Construir | Farm |
| 16:13 | Construir | Farm |
| 16:17 | Construir | Farm |
| 16:18 | Construir | Farm |
| 16:22 | Construir | Farm |
| 16:22 | Construir | Farm |
| 16:24 | Construir | Farm |
| 16:26 | Crear | Villager (Male) |
| 16:27 | Crear | Villager (Male) |
| 16:35 | Crear | Villager (Male) |
| 16:36 | Crear | Villager (Male) |
| 16:42 | Crear | Villager (Male) |
| 16:43 | Investigar | Wheelbarrow |
| 17:12 | Construir | House |
| 17:13 | Construir | House |
| 17:15 | Construir | House |
| 17:17 | Construir | House |
| 18:54 | Investigar | Castle Age |
| 19:26 | Construir | Barracks |
| 19:32 | Construir | Barracks |
| 20:58 | Crear | Villager (Male) |
| 20:58 | Crear | Villager (Male) |
| 20:58 | Crear | Villager (Male) |
| 20:59 | Crear | Villager (Male) |
| 21:09 | Crear | Villager (Male) |
| 21:11 | Crear | Villager (Male) |
| 21:15 | Construir | Lumber Camp |
| 22:27 | Edad | Edad de los Castillos |
| 22:30 | Construir | Town Center |
| 22:41 | Investigar | Gold Mining |
| 22:45 | Investigar | Bow Saw |
| 22:50 | Investigar | Heavy Plow |
| 22:58 | Construir | Mining Camp |
| 23:01 | Crear | Villager (Male) |
| 23:23 | Crear | Villager (Male) |
| 23:24 | Crear | Villager (Male) |
| 23:24 | Crear | Villager (Male) |
| 23:24 | Crear | Villager (Male) |
| 23:25 | Crear | Villager (Male) |
| 23:26 | Crear | Villager (Male) |
| 23:32 | Crear | Villager (Male) |
| 23:32 | Crear | Villager (Male) |
| 23:34 | Crear | Villager (Male) |
| 23:36 | Crear | Villager (Male) |
| 23:38 | Investigar | Stone Mining |
| 23:47 | Crear | Villager (Male) |
| 23:48 | Crear | Villager (Male) |
| 24:05 | Construir | Stable |
| 24:27 | Construir | Stable |
| 24:30 | Investigar | Scale Barding Armor |
| 24:40 | Investigar | Forging |
| 24:46 | Crear | Villager (Male) |
| 24:47 | Crear | Villager (Male) |
| 24:49 | Crear | Villager (Male) |
| 24:49 | Crear | Villager (Male) |
| 25:02 | Crear | Knight |
| 25:06 | Crear | Knight |
| 25:26 | Crear | Knight |
| 25:28 | Crear | Knight |
| 25:57 | Crear | Knight |
| 26:42 | Crear | Knight ×3 |
| 27:17 | Crear | Knight |
| 27:30 | Investigar | Bloodlines |
| 28:27 | Crear | Villager (Male) |
| 28:28 | Crear | Villager (Male) |
| 28:28 | Crear | Villager (Male) |
| 28:28 | Crear | Villager (Male) |
| 28:29 | Crear | Villager (Male) |
| 28:29 | Crear | Villager (Male) |
| 28:29 | Crear | Villager (Male) |
| 28:33 | Crear | Villager (Male) |
| 28:34 | Crear | Villager (Male) |
| 28:35 | Crear | Villager (Male) |
| 28:35 | Crear | Villager (Male) |
| 28:36 | Crear | Villager (Male) |
| 28:36 | Crear | Villager (Male) |
| 28:36 | Crear | Villager (Male) |
| 28:37 | Crear | Villager (Male) |
| 28:37 | Crear | Villager (Male) |
| 28:39 | Crear | Villager (Male) |
| 28:40 | Crear | Villager (Male) |
| 28:44 | Construir | Mill |
| 28:45 | Construir | Farm |
| 28:46 | Construir | Farm |
| 28:46 | Construir | Farm |
| 28:46 | Construir | Farm |
| 28:48 | Construir | Farm |
| 28:48 | Construir | Farm |
| 28:49 | Construir | Farm |
| 28:50 | Construir | Farm |
| 29:00 | Investigar | Caravan |
| 29:35 | Construir | Town Center |
| 29:42 | Construir | Mining Camp |
Build order — CheddarTheShredder
Primeras 150 de 363 acciones detectadas
| 0:02 | Crear | Villager (Male) |
| 0:04 | Construir | House |
| 0:05 | Construir | House |
| 0:16 | Crear | Villager (Male) |
| 0:16 | Crear | Villager (Male) |
| 0:16 | Crear | Villager (Male) |
| 1:25 | Crear | Villager (Male) |
| 1:49 | Construir | Lumber Camp |
| 2:04 | Crear | Villager (Male) |
| 2:17 | Crear | Villager (Male) |
| 2:42 | Crear | Villager (Male) |
| 2:47 | Crear | Villager (Male) |
| 3:46 | Construir | House |
| 3:59 | Crear | Villager (Male) |
| 4:10 | Construir | Mill |
| 5:10 | Crear | Villager (Male) |
| 5:12 | Crear | Villager (Male) |
| 5:25 | Crear | Villager (Male) |
| 6:13 | Crear | Villager (Male) |
| 7:27 | Crear | Villager (Male) |
| 7:28 | Crear | Villager (Male) |
| 7:28 | Crear | Villager (Male) |
| 7:29 | Crear | Villager (Male) |
| 8:00 | Crear | Villager (Male) |
| 8:08 | Construir | House |
| 9:30 | Investigar | Feudal Age |
| 9:34 | Crear | Villager (Male) |
| 9:35 | Crear | Villager (Male) |
| 10:05 | Crear | Villager (Male) |
| 10:14 | Construir | Mining Camp |
| 10:46 | Construir | Mill |
| 10:52 | Investigar | Feudal Age |
| 10:59 | Crear | Villager (Male) |
| 10:59 | Crear | Villager (Male) |
| 11:35 | Construir | Farm |
| 11:38 | Construir | Farm |
| 11:40 | Construir | Farm |
| 12:05 | Construir | House |
| 12:06 | Construir | House |
| 13:02 | Edad | Edad Feudal |
| 13:17 | Investigar | Horse Collar |
| 13:46 | Construir | Market |
| 13:52 | Construir | Blacksmith |
| 14:50 | Investigar | Castle Age |
| 14:52 | Crear | Villager (Male) |
| 15:13 | Crear | Villager (Male) |
| 15:23 | Construir | Farm |
| 15:24 | Construir | Farm |
| 15:36 | Construir | Farm |
| 15:48 | Construir | Farm |
| 15:50 | Construir | Farm |
| 16:00 | Construir | Farm |
| 16:06 | Construir | Farm |
| 16:38 | Crear | Trade Cart |
| 17:00 | Crear | Villager (Male) |
| 17:02 | Crear | Villager (Male) |
| 17:30 | Edad | Edad de los Castillos |
| 17:34 | Construir | Town Center |
| 17:45 | Investigar | Wheelbarrow |
| 18:00 | Construir | Town Center |
| 18:03 | Investigar | Double-Bit Axe |
| 18:20 | Construir | Farm |
| 18:29 | Construir | Farm |
| 18:35 | Construir | Farm |
| 18:49 | Crear | Villager (Male) |
| 18:49 | Crear | Villager (Male) |
| 19:16 | Crear | Villager (Male) |
| 19:17 | Crear | Villager (Male) |
| 19:17 | Crear | Villager (Male) |
| 19:28 | Crear | Villager (Male) |
| 19:29 | Crear | Villager (Male) |
| 19:29 | Crear | Villager (Male) |
| 19:29 | Crear | Villager (Male) |
| 19:46 | Crear | Villager (Male) |
| 19:48 | Crear | Villager (Male) |
| 20:00 | Investigar | Stone Mining |
| 20:04 | Crear | Villager (Male) |
| 20:29 | Construir | Monastery |
| 20:34 | Crear | Villager (Male) |
| 20:34 | Crear | Villager (Male) |
| 20:59 | Crear | Villager (Male) |
| 21:01 | Crear | Villager (Male) |
| 21:02 | Crear | Villager (Male) |
| 21:14 | Construir | Farm |
| 21:23 | Construir | Farm |
| 21:31 | Construir | Farm |
| 21:33 | Construir | Farm |
| 21:40 | Crear | Villager (Male) |
| 21:46 | Construir | House |
| 22:11 | Investigar | Hand Cart |
| 22:12 | Crear | Villager (Male) |
| 22:17 | Crear | Villager (Male) |
| 22:22 | Crear | Villager (Male) |
| 22:28 | Crear | Monk |
| 22:44 | Construir | House |
| 22:48 | Construir | House |
| 22:49 | Construir | Farm |
| 22:59 | Construir | House |
| 23:00 | Construir | House |
| 23:02 | Construir | House |
| 23:05 | Construir | House |
| 23:06 | Construir | House |
| 23:07 | Construir | House |
| 23:08 | Construir | House |
| 23:12 | Crear | Villager (Male) |
| 23:14 | Crear | Villager (Male) |
| 23:14 | Crear | Villager (Male) |
| 23:15 | Crear | Villager (Male) |
| 23:26 | Crear | Monk |
| 23:49 | Construir | Farm |
| 23:52 | Investigar | Heavy Plow |
| 23:57 | Investigar | Bow Saw |
| 24:06 | Crear | Villager (Male) |
| 24:12 | Construir | Farm |
| 24:13 | Construir | Farm |
| 24:15 | Construir | Farm |
| 24:25 | Crear | Villager (Male) |
| 24:26 | Crear | Villager (Male) |
| 24:27 | Crear | Villager (Male) |
| 24:28 | Crear | Villager (Male) |
| 25:07 | Crear | Villager (Male) |
| 25:08 | Crear | Villager (Male) |
| 25:11 | Crear | Villager (Male) |
| 25:11 | Crear | Villager (Male) |
| 25:16 | Crear | Villager (Male) |
| 25:16 | Crear | Villager (Male) |
| 25:25 | Crear | Villager (Male) |
| 25:57 | Construir | Castle |
| 26:12 | Crear | Villager (Male) |
| 26:14 | Crear | Villager (Male) |
| 26:14 | Crear | Villager (Male) |
| 26:15 | Crear | Villager (Male) |
| 26:15 | Crear | Villager (Male) |
| 26:17 | Crear | Villager (Male) |
| 26:28 | Construir | Lumber Camp |
| 26:47 | Construir | Palisade Wall |
| 27:24 | Construir | Stone Wall |
| 27:30 | Crear | Longbowman |
| 27:32 | Crear | Longbowman |
| 27:34 | Crear | Villager (Male) |
| 27:35 | Crear | Villager (Male) |
| 27:36 | Crear | Villager (Male) |
| 27:36 | Crear | Villager (Male) |
| 27:37 | Crear | Villager (Male) |
| 27:54 | Crear | Villager (Male) |
| 27:55 | Crear | Villager (Male) |
| 27:55 | Crear | Villager (Male) |
| 28:03 | Crear | Trade Cart |
| 28:03 | Crear | Trade Cart |
| 28:04 | Investigar | Caravan |
Build order — sampearl.n
Primeras 150 de 810 acciones detectadas
| 0:03 | Construir | House |
| 0:05 | Construir | House |
| 0:06 | Crear | Villager (Male) |
| 0:06 | Crear | Villager (Male) |
| 0:06 | Crear | Villager (Male) |
| 0:07 | Crear | Villager (Male) |
| 0:07 | Crear | Villager (Male) |
| 1:48 | Crear | Villager (Male) |
| 2:34 | Crear | Villager (Male) |
| 2:34 | Crear | Villager (Male) |
| 2:35 | Crear | Villager (Male) |
| 3:03 | Construir | Lumber Camp |
| 3:26 | Crear | Villager (Male) |
| 3:26 | Crear | Villager (Male) |
| 4:13 | Crear | Villager (Male) |
| 4:15 | Crear | Villager (Male) |
| 4:55 | Construir | House |
| 4:56 | Construir | House |
| 4:58 | Construir | House |
| 5:07 | Investigar | Loom |
| 5:31 | Crear | Villager (Male) |
| 5:47 | Crear | Villager (Male) |
| 6:02 | Crear | Villager (Male) |
| 6:03 | Crear | Villager (Male) |
| 6:03 | Crear | Villager (Male) |
| 6:15 | Crear | Villager (Male) |
| 7:00 | Construir | Mining Camp |
| 7:50 | Construir | Lumber Camp |
| 8:13 | Crear | Villager (Male) |
| 8:14 | Crear | Villager (Male) |
| 8:14 | Crear | Villager (Male) |
| 9:36 | Construir | Barracks |
| 9:56 | Investigar | Feudal Age |
| 10:30 | Construir | House |
| 11:07 | Construir | Mill |
| 11:39 | Construir | House |
| 12:06 | Edad | Edad Feudal |
| 12:11 | Construir | Archery Range |
| 12:19 | Construir | Archery Range |
| 12:48 | Construir | Blacksmith |
| 12:55 | Crear | Villager (Male) |
| 12:55 | Crear | Villager (Male) |
| 12:55 | Crear | Villager (Male) |
| 13:00 | Investigar | Double-Bit Axe |
| 13:04 | Construir | Farm |
| 13:29 | Crear | Archer |
| 13:29 | Crear | Archer |
| 13:29 | Crear | Archer |
| 13:30 | Crear | Archer |
| 14:05 | Construir | House |
| 14:06 | Construir | House |
| 14:56 | Construir | Market |
| 15:02 | Construir | Farm |
| 15:12 | Construir | House |
| 15:26 | Crear | Archer |
| 15:26 | Crear | Archer |
| 15:27 | Crear | Archer |
| 15:39 | Investigar | Fletching |
| 15:48 | Construir | Mining Camp |
| 15:53 | Crear | Villager (Male) |
| 15:54 | Crear | Villager (Male) |
| 15:54 | Crear | Villager (Male) |
| 15:59 | Construir | Farm |
| 16:04 | Construir | Farm |
| 16:07 | Crear | Archer |
| 16:08 | Crear | Archer |
| 16:08 | Crear | Archer |
| 16:10 | Crear | Archer |
| 16:10 | Crear | Archer |
| 16:16 | Crear | Villager (Male) |
| 16:16 | Crear | Villager (Male) |
| 16:17 | Crear | Villager (Male) |
| 16:21 | Construir | Farm |
| 16:49 | Investigar | Padded Archer Armor |
| 17:00 | Construir | Farm |
| 17:04 | Construir | Farm |
| 17:52 | Construir | Farm |
| 17:56 | Construir | Farm |
| 18:27 | Crear | Villager (Male) |
| 18:27 | Crear | Villager (Male) |
| 18:27 | Crear | Villager (Male) |
| 18:30 | Construir | Farm |
| 19:23 | Construir | Farm |
| 19:27 | Construir | Farm |
| 19:30 | Investigar | Horse Collar |
| 19:34 | Construir | Farm |
| 19:41 | Crear | Archer |
| 19:41 | Crear | Archer |
| 19:43 | Crear | Archer |
| 19:44 | Crear | Archer |
| 20:06 | Crear | Villager (Male) |
| 20:06 | Crear | Villager (Male) |
| 20:06 | Crear | Villager (Male) |
| 20:33 | Investigar | Castle Age |
| 21:13 | Construir | Farm |
| 21:15 | Construir | Farm |
| 21:16 | Construir | Farm |
| 23:21 | Construir | House |
| 23:22 | Construir | House |
| 23:23 | Construir | House |
| 23:24 | Construir | House |
| 23:25 | Construir | House |
| 23:36 | Edad | Edad de los Castillos |
| 23:57 | Investigar | Crossbowman (upgrade) |
| 23:57 | Investigar | Thumb Ring |
| 24:03 | Investigar | Bodkin Arrow |
| 24:03 | Investigar | Leather Archer Armor |
| 24:31 | Crear | Villager (Male) |
| 24:32 | Crear | Villager (Male) |
| 24:32 | Crear | Villager (Male) |
| 24:32 | Crear | Villager (Male) |
| 24:32 | Crear | Villager (Male) |
| 25:48 | Construir | Town Center |
| 26:09 | Construir | Mining Camp |
| 26:23 | Construir | Town Center |
| 28:43 | Crear | Villager (Male) |
| 28:44 | Crear | Villager (Male) |
| 28:44 | Crear | Villager (Male) |
| 28:44 | Crear | Villager (Male) |
| 28:44 | Crear | Villager (Male) |
| 28:44 | Crear | Villager (Male) |
| 28:52 | Construir | Mining Camp |
| 29:16 | Crear | Villager (Male) |
| 29:16 | Crear | Villager (Male) |
| 29:16 | Crear | Villager (Male) |
| 29:17 | Crear | Villager (Male) |
| 29:19 | Construir | Mining Camp |
| 29:25 | Crear | Villager (Male) |
| 29:26 | Crear | Villager (Male) |
| 29:26 | Crear | Villager (Male) |
| 29:30 | Crear | Villager (Male) |
| 29:30 | Crear | Villager (Male) |
| 29:30 | Crear | Villager (Male) |
| 29:30 | Crear | Villager (Male) |
| 29:31 | Crear | Villager (Male) |
| 29:31 | Crear | Villager (Male) |
| 29:40 | Investigar | Gold Mining |
| 29:41 | Investigar | Stone Mining |
| 29:46 | Construir | Market |
| 30:33 | Investigar | Elite Skirmisher (upgrade) |
| 31:01 | Investigar | Caravan |
| 31:02 | Crear | Trade Cart |
| 31:02 | Crear | Trade Cart |
| 31:02 | Crear | Trade Cart |
| 31:03 | Crear | Trade Cart |
| 31:03 | Crear | Trade Cart |
| 31:09 | Crear | Trade Cart |
| 31:09 | Crear | Trade Cart |
| 31:09 | Crear | Trade Cart |
| 31:10 | Crear | Trade Cart |
Build order — Danshe
Primeras 150 de 319 acciones detectadas
| 0:01 | Crear | Villager (Male) |
| 0:02 | Crear | Villager (Male) |
| 0:02 | Crear | Villager (Male) |
| 0:08 | Construir | House |
| 0:09 | Construir | House |
| 0:16 | Crear | Villager (Male) |
| 0:17 | Crear | Villager (Male) |
| 1:54 | Crear | Villager (Male) |
| 1:54 | Crear | Villager (Male) |
| 2:07 | Crear | Villager (Male) |
| 2:38 | Crear | Villager (Male) |
| 2:38 | Crear | Villager (Male) |
| 3:21 | Crear | Villager (Male) |
| 3:21 | Crear | Villager (Male) |
| 3:34 | Construir | House |
| 3:41 | Crear | Villager (Male) |
| 3:41 | Crear | Villager (Male) |
| 3:50 | Construir | Outpost |
| 4:04 | Crear | Villager (Male) |
| 4:23 | Crear | Villager (Male) |
| 4:40 | Crear | Villager (Male) |
| 5:36 | Crear | Villager (Male) |
| 5:37 | Crear | Villager (Male) |
| 6:04 | Construir | Settlement |
| 6:07 | Crear | Villager (Male) |
| 7:15 | Investigar | Feudal Age |
| 8:28 | Construir | Outpost |
| 9:09 | Construir | Settlement |
| 9:22 | Crear | Villager (Male) |
| 9:22 | Crear | Villager (Male) |
| 9:25 | Edad | Edad Feudal |
| 9:47 | Construir | Market |
| 9:55 | Construir | Blacksmith |
| 10:05 | Crear | Villager (Male) |
| 10:05 | Crear | Villager (Male) |
| 10:52 | Crear | Villager (Male) |
| 11:31 | Crear | Villager (Male) |
| 11:45 | Crear | Villager (Male) |
| 12:04 | Construir | Farm |
| 12:05 | Construir | Farm |
| 12:06 | Construir | Farm |
| 12:07 | Construir | Farm |
| 12:22 | Crear | Villager (Male) |
| 12:23 | Crear | Villager (Male) |
| 12:33 | Construir | House |
| 13:24 | Crear | Villager (Male) |
| 13:51 | Construir | Farm |
| 13:51 | Construir | Farm |
| 13:51 | Construir | Farm |
| 13:52 | Construir | Farm |
| 13:55 | Construir | Farm |
| 14:27 | Crear | Villager (Male) |
| 14:55 | Crear | Villager (Male) |
| 15:28 | Crear | Villager (Male) |
| 15:37 | Investigar | Castle Age |
| 15:49 | Investigar | Double-Bit Axe |
| 16:37 | Construir | House |
| 18:20 | Edad | Edad de los Castillos |
| 18:24 | Construir | Town Center |
| 18:44 | Construir | Town Center |
| 18:47 | Crear | Villager (Male) |
| 18:47 | Crear | Villager (Male) |
| 19:39 | Crear | Villager (Male) |
| 19:39 | Crear | Villager (Male) |
| 19:46 | Construir | Barracks |
| 19:47 | Construir | Barracks |
| 20:06 | Crear | Villager (Male) |
| 20:06 | Crear | Villager (Male) |
| 20:08 | Crear | Villager (Male) |
| 20:09 | Crear | Villager (Male) |
| 20:12 | Crear | Villager (Male) |
| 20:12 | Crear | Villager (Male) |
| 20:26 | Construir | Farm |
| 20:42 | Investigar | Tech 1402 |
| 20:49 | Crear | Villager (Male) |
| 20:53 | Crear | Villager (Male) |
| 20:54 | Crear | Villager (Male) |
| 20:58 | Crear | Villager (Male) |
| 20:58 | Crear | Villager (Male) |
| 21:43 | Crear | Villager (Male) |
| 21:45 | Crear | Villager (Male) |
| 21:45 | Crear | Villager (Male) |
| 21:47 | Crear | Villager (Male) |
| 21:47 | Crear | Villager (Male) |
| 22:00 | Construir | University |
| 22:03 | Investigar | Squires |
| 22:12 | Construir | House |
| 22:13 | Construir | House |
| 22:32 | Construir | Settlement |
| 22:50 | Investigar | Horse Collar |
| 22:52 | Investigar | Bow Saw |
| 23:00 | Construir | Farm |
| 23:01 | Construir | Farm |
| 23:01 | Construir | Farm |
| 23:01 | Construir | Farm |
| 23:01 | Construir | Farm |
| 23:02 | Construir | Farm |
| 23:02 | Construir | Farm |
| 23:02 | Construir | Farm |
| 23:03 | Construir | Farm |
| 23:03 | Construir | Farm |
| 23:11 | Crear | Villager (Male) |
| 23:24 | Crear | Villager (Male) |
| 24:03 | Crear | Villager (Male) |
| 25:40 | Construir | Castle |
| 26:43 | Investigar | Tech 1351 |
| 26:56 | Investigar | Wheelbarrow |
| 26:58 | Crear | Villager (Male) |
| 26:58 | Crear | Villager (Male) |
| 27:01 | Crear | Villager (Male) |
| 27:02 | Crear | Villager (Male) |
| 27:02 | Crear | Villager (Male) |
| 27:17 | Construir | Farm |
| 27:22 | Construir | Farm |
| 27:23 | Construir | Farm |
| 27:23 | Construir | Farm |
| 27:23 | Construir | Farm |
| 27:24 | Construir | Farm |
| 27:24 | Construir | Farm |
| 27:24 | Construir | Farm |
| 27:25 | Construir | Farm |
| 27:29 | Crear | Villager (Male) |
| 27:35 | Crear | Unit 2562 |
| 27:36 | Crear | Unit 2562 |
| 27:36 | Crear | Unit 2562 |
| 27:36 | Crear | Unit 2562 |
| 27:36 | Crear | Unit 2562 |
| 28:03 | Crear | Villager (Male) |
| 28:03 | Crear | Villager (Male) |
| 28:06 | Crear | Villager (Male) |
| 28:06 | Crear | Villager (Male) |
| 28:13 | Crear | Villager (Male) |
| 28:18 | Construir | Farm |
| 28:46 | Investigar | Fletching |
| 28:47 | Investigar | Padded Archer Armor |
| 28:53 | Investigar | Forging |
| 28:54 | Investigar | Scale Mail Armor |
| 29:08 | Crear | Villager (Male) |
| 29:08 | Crear | Villager (Male) |
| 29:14 | Construir | Farm |
| 29:18 | Investigar | Heavy Plow |
| 29:23 | Crear | Villager (Male) |
| 29:24 | Crear | Villager (Male) |
| 29:24 | Crear | Villager (Male) |
| 29:28 | Crear | Villager (Male) |
| 29:28 | Crear | Villager (Male) |
| 29:29 | Crear | Villager (Male) |
| 29:40 | Construir | Farm |
| 29:42 | Construir | Farm |
| 30:02 | Investigar | Hand Cart |
Build order — High_King_Joshie
Primeras 150 de 374 acciones detectadas
| 0:01 | Crear | Villager (Male) |
| 0:01 | Crear | Villager (Male) |
| 0:02 | Crear | Villager (Male) |
| 0:05 | Construir | House |
| 0:11 | Construir | House |
| 0:12 | Crear | Villager (Male) |
| 1:36 | Crear | Villager (Male) |
| 2:09 | Crear | Villager (Male) |
| 2:41 | Crear | Villager (Male) |
| 3:16 | Crear | Villager (Male) |
| 3:49 | Crear | Villager (Male) |
| 4:28 | Crear | Villager (Male) |
| 4:28 | Crear | Villager (Male) |
| 4:29 | Crear | Villager (Male) |
| 4:29 | Crear | Villager (Male) |
| 4:49 | Crear | Villager (Male) |
| 5:09 | Crear | Villager (Male) |
| 5:54 | Investigar | Loom |
| 5:58 | Construir | House |
| 6:31 | Crear | Villager (Male) |
| 6:32 | Crear | Villager (Male) |
| 6:32 | Crear | Villager (Male) |
| 7:03 | Construir | Lumber Camp |
| 7:18 | Crear | Villager (Male) |
| 7:33 | Crear | Villager (Male) |
| 8:08 | Crear | Villager (Male) |
| 8:18 | Construir | House |
| 9:00 | Crear | Villager (Male) |
| 9:27 | Construir | Mill |
| 10:12 | Construir | Farm |
| 10:15 | Investigar | Feudal Age |
| 10:23 | Crear | Villager (Male) |
| 10:23 | Crear | Villager (Male) |
| 10:25 | Crear | Villager (Male) |
| 10:57 | Construir | Farm |
| 11:06 | Construir | Farm |
| 11:43 | Crear | Villager (Male) |
| 12:01 | Construir | Mining Camp |
| 12:25 | Edad | Edad Feudal |
| 12:28 | Investigar | Double-Bit Axe |
| 12:34 | Investigar | Horse Collar |
| 12:40 | Crear | Villager (Male) |
| 12:51 | Construir | Farm |
| 12:58 | Construir | Farm |
| 13:02 | Investigar | Gold Mining |
| 13:22 | Construir | House |
| 13:33 | Crear | Villager (Male) |
| 14:02 | Construir | Lumber Camp |
| 14:13 | Crear | Villager (Male) |
| 14:43 | Crear | Villager (Male) |
| 14:57 | Construir | Farm |
| 15:07 | Crear | Villager (Male) |
| 15:08 | Crear | Villager (Male) |
| 15:24 | Construir | Market |
| 15:40 | Construir | Market |
| 15:51 | Construir | Market |
| 16:01 | Crear | Villager (Male) |
| 16:20 | Construir | Farm |
| 16:21 | Construir | Farm |
| 16:21 | Construir | Farm |
| 16:22 | Construir | Farm |
| 16:33 | Investigar | Wheelbarrow |
| 16:39 | Construir | House |
| 16:42 | Construir | House |
| 16:43 | Construir | House |
| 16:46 | Construir | House |
| 16:47 | Construir | House |
| 16:48 | Construir | House |
| 17:19 | Crear | Villager (Male) |
| 17:19 | Crear | Villager (Male) |
| 17:39 | Construir | Lumber Camp |
| 18:04 | Crear | Villager (Male) |
| 18:05 | Crear | Villager (Male) |
| 18:20 | Construir | Blacksmith |
| 18:59 | Crear | Villager (Male) |
| 19:04 | Investigar | Castle Age |
| 19:20 | Crear | Villager (Male) |
| 19:20 | Crear | Villager (Male) |
| 19:48 | Crear | Villager (Male) |
| 20:33 | Construir | Farm |
| 20:33 | Construir | Farm |
| 20:34 | Construir | Farm |
| 20:35 | Construir | Farm |
| 20:51 | Crear | Trade Cart |
| 20:51 | Crear | Trade Cart |
| 20:52 | Crear | Trade Cart |
| 20:52 | Crear | Trade Cart |
| 20:52 | Crear | Trade Cart |
| 20:53 | Crear | Trade Cart |
| 20:54 | Crear | Trade Cart |
| 20:54 | Crear | Trade Cart |
| 21:08 | Construir | Farm |
| 21:21 | Crear | Villager (Male) |
| 21:21 | Crear | Villager (Male) |
| 21:53 | Edad | Edad de los Castillos |
| 22:03 | Construir | Town Center |
| 22:11 | Crear | Villager (Male) |
| 22:18 | Investigar | Caravan |
| 22:28 | Crear | Villager (Male) |
| 22:31 | Investigar | Hand Cart |
| 22:50 | Crear | Villager (Male) |
| 22:54 | Crear | Trade Cart |
| 22:55 | Crear | Trade Cart |
| 23:03 | Investigar | Bow Saw |
| 23:27 | Construir | Town Center |
| 23:34 | Crear | Villager (Male) |
| 23:35 | Crear | Villager (Male) |
| 23:36 | Crear | Villager (Male) |
| 23:54 | Crear | Villager (Male) |
| 23:55 | Crear | Villager (Male) |
| 24:00 | Investigar | Hand Cart |
| 24:04 | Crear | Villager (Male) |
| 24:26 | Investigar | Stone Mining |
| 24:48 | Construir | Mining Camp |
| 24:53 | Crear | Villager (Male) |
| 24:53 | Crear | Villager (Male) |
| 24:53 | Crear | Villager (Male) |
| 24:54 | Crear | Villager (Male) |
| 24:54 | Crear | Villager (Male) |
| 25:00 | Crear | Trade Cart |
| 25:19 | Construir | House |
| 25:22 | Construir | House |
| 25:28 | Crear | Villager (Male) |
| 25:28 | Crear | Villager (Male) |
| 25:29 | Crear | Villager (Male) |
| 25:29 | Crear | Villager (Male) |
| 25:29 | Crear | Villager (Male) |
| 25:29 | Crear | Villager (Male) |
| 26:05 | Construir | Farm |
| 26:17 | Construir | Farm |
| 26:26 | Crear | Villager (Male) |
| 26:26 | Crear | Villager (Male) |
| 26:26 | Crear | Villager (Male) |
| 26:27 | Crear | Villager (Male) |
| 26:42 | Construir | Mining Camp |
| 27:12 | Crear | Villager (Male) |
| 27:13 | Crear | Villager (Male) |
| 27:13 | Crear | Villager (Male) |
| 27:13 | Crear | Villager (Male) |
| 27:14 | Crear | Villager (Male) |
| 27:32 | Construir | Stone Wall |
| 27:43 | Crear | Villager (Male) |
| 27:43 | Crear | Villager (Male) |
| 27:43 | Crear | Villager (Male) |
| 27:50 | Crear | Villager (Male) |
| 27:50 | Crear | Villager (Male) |
| 28:23 | Construir | Castle |
| 28:31 | Crear | Villager (Male) |
| 28:31 | Crear | Villager (Male) |
| 28:32 | Crear | Villager (Male) |
Cronología de la partida
| 9:25 | Danshe · age_up feudal |
| 9:36 | sampearl.n · first_building Barracks |
| 12:06 | sampearl.n · age_up feudal |
| 12:11 | sampearl.n · first_building Archery Range |
| 12:25 | High_King_Joshie · age_up feudal |
| 13:02 | CheddarTheShredder · age_up feudal |
| 13:14 | ElNegro2284 · wall_segment Palisade Wall x25 |
| 13:56 | El facha del conurba · age_up feudal |
| 17:30 | CheddarTheShredder · age_up castle |
| 17:54 | ElNegro2284 · wall_segment Stone Wall x6 |
| 18:20 | Danshe · age_up castle |
| 18:31 | ElNegro2284 · first_building Barracks |
| 18:40 | El facha del conurba · first_market_sell 100 wood |
| 18:46 | El facha del conurba · first_market_buy 100 food |
| 19:26 | El facha del conurba · first_building Barracks |
| 19:33 | ElNegro2284 · first_building Archery Range |
| 19:46 | Danshe · first_building Barracks |
| 20:29 | CheddarTheShredder · first_building Monastery |
| 21:53 | High_King_Joshie · age_up castle |
| 22:27 | El facha del conurba · age_up castle |
| 23:36 | sampearl.n · age_up castle |
| 24:05 | El facha del conurba · first_building Stable |
| 24:53 | ElNegro2284 · wall_segment Stone Wall x9 |
| 24:55 | Danshe · first_market_buy 100 stone |
| 25:36 | ElNegro2284 · wall_segment Stone Wall x8 |
| 25:40 | Danshe · first_building Castle |
| 25:57 | CheddarTheShredder · first_building Castle |
| 26:47 | CheddarTheShredder · wall_segment Palisade Wall x7 |
| 27:17 | ElNegro2284 · first_building Castle |
| 27:24 | CheddarTheShredder · wall_segment Stone Wall x13 |
| 27:32 | High_King_Joshie · wall_segment Stone Wall x13 |
| 27:58 | High_King_Joshie · first_market_buy 100 stone |
| 28:23 | High_King_Joshie · first_building Castle |
| 29:07 | CheddarTheShredder · wall_segment Stone Wall x4 |
| 29:43 | High_King_Joshie · wall_segment Stone Wall x6 |
| 29:53 | High_King_Joshie · wall_segment Stone Wall x1 |
| 30:22 | CheddarTheShredder · wall_segment Stone Wall x6 |
| 30:44 | El facha del conurba · first_building Monastery |
| 32:09 | sampearl.n · first_building Castle |
| 32:44 | sampearl.n · first_building Siege Workshop |
| 32:50 | High_King_Joshie · wall_segment Stone Wall x4 |
| 33:36 | El facha del conurba · first_building Castle |
| 34:20 | CheddarTheShredder · wall_segment Stone Wall x2 |
| 35:21 | ElNegro2284 · first_building Monastery |
| 35:27 | CheddarTheShredder · age_up imperial |
| 36:19 | Danshe · first_building Archery Range |
| 36:47 | High_King_Joshie · first_building Barracks |
| 37:11 | High_King_Joshie · age_up imperial |
| 37:15 | Danshe · age_up imperial |
| 37:42 | sampearl.n · first_building Stable |
| 38:47 | El facha del conurba · age_up imperial |
| 39:00 | Danshe · first_building Monastery |
| 40:24 | High_King_Joshie · first_building Siege Workshop |
| 40:35 | sampearl.n · age_up imperial |
| 40:52 | High_King_Joshie · first_market_sell 100 wood |
| 41:34 | High_King_Joshie · first_building Stable |
| 42:44 | High_King_Joshie · wall_segment Stone Wall x5 |
| 43:57 | CheddarTheShredder · first_building Barracks |
| 47:20 | CheddarTheShredder · first_building Archery Range |
| 56:50 | ElNegro2284 · first_market_buy 100 stone |
| 56:55 | ElNegro2284 · first_market_sell 100 wood |
| 57:43 | CheddarTheShredder · resign |
[ ANÁLISIS IA · 1 CRÉDITO ]
¿Qué pasó realmente en esta partida?
Wolo.gg analiza cada decisión: build order, eco, micro, errores típicos por bracket. Análisis personalizado por WhatsApp o Discord en 30 segundos.
Guía civ
Britanos
Guía mapa
Amazon Tunnel
Perfil
Jugador #8066366